 Dungeon Crawl Stone Soup version 0.30.0-5-g1a98f26d00 (webtiles) character file.

Game seed: 5968250792515884229

60498 cforsyth the Eclecticist (level 15, -10/132 HPs)
             Began as a Djinni Conjurer on May 9, 2023.
             Was the Champion of Ashenzari.
             Killed from afar by an oklob plant (25 damage)
             ... with a splash of acid
             ... on level 5 of the Lair of Beasts.
             The game lasted 01:23:38 (21755 turns).

cforsyth the Eclecticist (Djinni Conjurer)         Turns: 21755, Time: 01:23:40

Health: -10/132    AC:  7    Str:  6    XL:     15   Next: 38%
Gold:   1559       EV: 10    Int: 26    God:    Ashenzari [******] SH:  7 Dex: 13

rFire   + . .        p - +1 short sword "Shattered Foul Odours" {venom, Fort, Self} (curse)
rCold   + . .        E - +2 buckler of Ashenzari's Sybil {Self, Fort} (curse)
rNeg    . . .        G - +1 ring mail of the Astral Trepidation {rC+, Evo, Melee} (curse)
rPois   ∞            i - +0 helmet of the Shattered Heavens {Fort, Range} (curse)
rElec   .            Y - +0 cloak of Ashenzari's Affliction {Cun, Self} (curse)
rCorr   .            k - +0 pair of gloves of the Enigmatic Burden {Melee, Self} (curse)
SInv    +            (boots unavailable)
Will    ++...        h - amulet "Shackled Together" {Regen+, Range, Self} (curse)
Stlth   ++           e - ring of Desmomancy {Ice, Evo, Cun} (curse)
HPRegen 1.22/turn    C - ring "Manifest Sybil" {AC+4, Range, Melee} (curse)
MPRegen 0.00/turn

%: clarity, infuse magic (-11 HP)
@: corroded, flying
A: sickness immunity, fire resistance 2, cold vulnerability 1, float, innate
caster, HP casting, extra vitality 1, strong-willed 1, mutation resistance 1
a: Renounce Religion, Shatter the Chains


You were on level 5 of the Lair of Beasts.
You worshipped Ashenzari.
Ashenzari was exalted by your worship.
You visited 3 branches of the dungeon, and saw 19 of its levels.
You also visited: Ossuary, Bailey, Gauntlet and Ice Cave.

You collected 1559 gold pieces.

Inventory:

Hand Weapons
 p - the cursed +1 short sword "Shattered Foul Odours" (weapon) {venom, Fort, Self}
   (You took it off a kobold on level 3 of the Dungeon)

   It has a curse which improves the following skills: Fortitude: Armour and
   Shields.
   Introspection: Fighting and Spellcasting.
Armour
 a - a +1 pair of gloves of hurling
 i - the cursed +0 helmet of the Shattered Heavens (worn) {Fort, Range}
   (You took it off Robin on level 3 of the Dungeon)

   It has a curse which improves the following skills: Fortitude: Armour and
   Shields.
   Ranged Combat: Ranged Weapons and Throwing.
 k - the cursed +0 pair of gloves of the Enigmatic Burden (worn) {Melee, Self}
   (You found it on level 3 of the Dungeon)

   It has a curse which improves the following skills: Melee Combat: Short
   Blades, Long Blades, Axes, Maces & Flails, Polearms, Staves and Unarmed
   Combat.
   Introspection: Fighting and Spellcasting.
 m - a +2 robe of positive energy
 A - a +2 helmet
 E - the cursed +2 buckler of Ashenzari's Sybil (worn) {Self, Fort}
   (You found it on level 7 of the Dungeon)

   It has a curse which improves the following skills: Introspection: Fighting
   and Spellcasting.
   Fortitude: Armour and Shields.
 G - the cursed +1 ring mail of the Astral Trepidation (worn) {rC+, Evo, Melee}
   (You took it off an orc on level 8 of the Dungeon)

   It has a curse which improves the following skills: Evocations: Evocations.
   Melee Combat: Short Blades, Long Blades, Axes, Maces & Flails, Polearms,
   Staves and Unarmed Combat.
 V - a +2 kite shield of cold resistance
 Y - the cursed +0 cloak of Ashenzari's Affliction (worn) {Cun, Self}
   (You took it off Maurice on level 12 of the Dungeon)

   It has a curse which improves the following skills: Cunning: Dodging and
   Stealth.
   Introspection: Fighting and Spellcasting.
Jewellery
 e - the cursed ring of Desmomancy (left hand) {Ice, Evo, Cun}
   (You found it on level 2 of the Dungeon)

   [ring of ice]

   It enhances your ice magic.
   rF:        It makes you vulnerable to fire.
   rC:        It protects you from cold.
   It has a curse which improves the following skills: Evocations: Evocations.
   Cunning:   Dodging and Stealth.
 h - the cursed amulet "Shackled Together" (around neck) {Regen+, Range, Self}
   (You found it on level 2 of the Dungeon)

   [amulet of regeneration]

   Regen:     It increases your rate of health regeneration.
   It has a curse which improves the following skills: Ranged Combat: Ranged
   Weapons and Throwing.
   Introspection: Fighting and Spellcasting.
 C - the cursed ring "Manifest Sybil" (right hand) {AC+4, Range, Melee}
   (You found it on level 7 of the Dungeon)

   [ring of protection]

   AC:        It affects your AC (+4).
   It has a curse which improves the following skills: Ranged Combat: Ranged
   Weapons and Throwing.
   Melee Combat: Short Blades, Long Blades, Axes, Maces & Flails, Polearms,
   Staves and Unarmed Combat.
 L - a +6 ring of intelligence
 R - a ring of protection from cold
 S - a +6 ring of intelligence
 T - a ring of protection from fire
 U - a ring of positive energy
 Z - the ring "Exeb" {rElec rC- Will+ rCorr}
   (You found it in a Gauntlet)

   [ring of resist corrosion]

   rC:        It makes you vulnerable to cold.
   rElec:     It insulates you from electricity.
   rCorr:     It protects you from acid and corrosion.
   Will:      It increases your willpower.
Wands
 o - a wand of mindburst (24)
 s - a wand of flame (16)
 D - a wand of digging (9)
 K - a wand of roots (8)
 O - a wand of charming (5)
 P - a wand of polymorph (4)
Scrolls
 b - 14 scrolls of identify
 c - 4 scrolls of enchant armour
 d - 8 scrolls of teleportation
 l - 3 scrolls of blinking
 v - 2 scrolls of fear
 w - 4 scrolls of magic mapping
 y - 2 scrolls of immolation
 J - a scroll of brand weapon
 M - 2 scrolls of fog
Potions
 f - 7 potions of curing
 g - 6 potions of might
 j - 4 potions of brilliance
 n - 6 potions of magic
 q - 3 potions of haste
 r - 7 potions of degeneration
 t - 5 potions of lignification
 u - 3 potions of attraction
 x - 6 potions of mutation
 z - a potion of cancellation
 B - 5 potions of invisibility
 I - 2 potions of resistance
 N - a potion of berserk rage
 Q - a potion of ambrosia
 X - 4 potions of heal wounds


   Skills:
 + Level 14.1(20.7) Fighting
 - Level 2.4(6.0) Armour
 - Level 2.2(4.9) Dodging
 - Level 2.0(4.6) Stealth
 - Level 1.0(3.5) Shields
 - Level 16.9(23.3) Spellcasting


You knew the following spells:

 Your Spells              Type           Power      Damage    Failure   Level
a - Magic Dart            Conj           100%       1d8       0%          1
b - Searing Ray           Conj           100%       2d8       0%          2
c - Dazzling Flash        Conj/Hex       100%       N/A       0%          3
d - Fulminant Prism       Conj/Hex       50%        3d22      0%          4
e - Iskenderun's Mystic   Conj/Tloc      100%       2d19      0%          4
f - Sting                 Tmut/Pois      100%       1d8       0%          1
g - Blink                 Tloc           100%       N/A       0%          2
h - Ensorcelled Hibernat  Hex/Ice        100%       N/A       0%          2
i - Manifold Assault      Tloc           100%       N/A       0%          4
j - Agony                 Necr           100%       N/A       0%          5
k - Yara's Violent Unrav  Hex/Tmut       50%        3d19      0%          5
l - Eringya's Noxious Bo  Tmut/Pois      50%        N/A       1%          6
Your spell library was empty.

Dungeon Overview and Level Annotations

Branches:
Dungeon (13/15)            Temple (1/1) D:5            Lair (5/5) D:10
  Swamp (0/4) Lair:2        Snake (0/4) Lair:3        Slime (0/5) Lair:5
    Orc (0/2) D:12        Ossuary (visited)          Bailey (visited)
  IceCv (visited)         Gauntlet (visited)
 Vaults: D:13-14

Altars:
Ashenzari
Cheibriados
Dithmenos
Elyvilon
Fedhas
Gozag
Hepliaklqana
Makhleb
Nemelex Xobeh
Okawaru
Qazlal
Ru
Trog
Uskayaw
Wu Jian
Xom
Yredelemnul
Zin
The Shining One
Jiyva

Shops:
D:2 [   D:8 *

Annotations:
D:8 1 runed translucent door, jimonade's ghost, novice KoBr
Lair:5 exclusion: 2 oklob plants


Innate Abilities, Weirdness & Mutations

You are immune to sickness and miasma.
You are immune to poison.
Your flesh is very heat resistant. (rF++)
You are vulnerable to cold. (rC-)
You float through the air rather than walking.
You learn spells naturally, not from books.
Your magical power is your life essence.
You have superior vitality. (+4 MHP)
You are strong-willed. (Will+)
You are somewhat resistant to further mutation.


Message History

Your fulminant prism explodes!
The blast of energy engulfs the oklob plant!!
The oklob plant is heavily damaged.
Your fulminant prism crackles loudly.
Unknown command.
Unknown command.
Unknown command.
Casting: Fulminant Prism (safe; 0% risk of failure)
Confirm with . or Enter, or press ? or * to list all spells.
Aiming: Fulminant Prism (safe; 0% risk of failure)
Press: ? - help, Dir - move target You conjure a prism of explosive energy!
A fulminant prism comes into view.
Your fulminant prism explodes!
The blast of energy engulfs the oklob plant!!
You destroy the oklob plant!
The blast of energy engulfs the oklob plant!!
The oklob plant is heavily damaged.
Unknown command.
Unknown command.
Casting: Fulminant Prism (safe; 0% risk of failure)
Confirm with . or Enter, or press ? or * to list all spells.
Aiming: Fulminant Prism (safe; 0% risk of failure)
Press: ? - help, Dir - move target You conjure a prism of explosive energy!
A fulminant prism comes into view.
Your fulminant prism crackles loudly.
The oklob plant spits acid at you. The splash of acid hits you!
The acid corrodes you! The oklob plant spits acid at you.
The splash of acid hits you!!
Your fulminant prism crackles loudly.
Your fulminant prism explodes!
The oklob plant spits acid at you. The splash of acid hits you!!!
* * * LOW HITPOINT WARNING * * *
The acid corrodes you! The oklob plant spits acid at you.
The splash of acid hits you!!
You die...

#..###
#....######
#.........#
####.....## *#*
##.....## *
,..#* ##.....#
>P.*#*#.#....##
,P[_...###.....#
{.......@.#....#
##...........##
##.#......### #
########


You could see 2 oklob plants and a friendly fulminant prism.

Vanquished Creatures
  A minotaur (Gauntlet)
  Snorg (D:12)
  A great orb of eyes (Gauntlet)
  An ice dragon (IceCv)
  3 hydras
  3 centaur warriors
  5 boulder beetles
  2 death yaks
  A tengu warrior (D:13)
  4 two-headed ogres
  Urug (Lair:5)
  Sonja (Lair:4)
  A soul eater (Gauntlet)
  A skyshark (Lair:2)
  2 deep elf pyromancers
  3 ugly things
  An oklob plant (Lair:5)
  2 cyclopes
  Maurice (D:12)
  19 elephants
  4 black mambas
  8 slime creatures
  2 ice statues (IceCv)
  An apocalypse crab (Gauntlet)
  10 cane toads
  2 unseen horrors (D:12)
  3 komodo dragons
  6 rime drakes
  4 gargoyles
  Psyche (D:10)
  A tengu conjurer (D:13)
  A kobold demonologist (D:12)
  An efreet (D:10)
  2 ice devils (Lair:1)
  2 polar bears
  3 trolls (D:10)
  3 meliai (D:13)
  A hornet (D:11)
  9 blink frogs (Lair:1)
  16 dream sheep
  Sigmund (D:3)
  A centaur simulacrum (D:11)
  2 shadows (D:10)
  4 wyverns
  A culicivora (shapeshifter) (D:13)
  48 yaks
  2 vampires
  3 wraiths
  3 basilisks
  A steam dragon (D:9)
  3 nagas (Lair:3)
  2 acid dragons
  11 water moccasins
  2 ice beasts (D:6)
  7 orc warriors
  6 wolves (Lair:5)
  11 centaurs
  2 phantoms
  A kobold brigand (D:11)
  4 bullfrogs
  3 scorpions
  3 lindwurm simulacra (IceCv)
  12 killer bees (D:9)
  9 howler monkeys
  An electric eel (Lair:4)
  5 komodo dragon simulacra (IceCv)
  2 centaur zombies (Ossuary)
  5 hounds
  3 orc priests
  3 jellies
  A gnoll bouda (D:9)
  3 human zombies (Ossuary)
  2 iguanas
  12 orc wizards
  3 mummies (Ossuary)
  Robin (D:3)
  17 gnolls
  8 acid dragon simulacra (IceCv)
  10 adders
  5 shadow imps
  5 steam dragon simulacra (IceCv)
  3 ufetubi
  7 dart slugs
  76 orcs
  10 endoplasms
  2 giant cockroaches
  A goblin (shapeshifter) (D:13)
  11 hobgoblins
  3 jackals
  5 quokkas
  6 ball pythons
  6 bats
  A frilled lizard (D:3)
  15 goblins
  A goblin zombie (Ossuary)
  A hobgoblin zombie (Ossuary)
  8 kobolds
  A kobold zombie (Ossuary)
  8 rats
  A fulminant prism (Lair:4)
528 creatures vanquished.

Vanquished Creatures (others)
  494 fulminant prisms
494 creatures vanquished.

Grand Total: 1022 creatures vanquished

Notes
Turn   | Place    | Note
-------+----------+-------------------------------------------
     0 | D:1      | cforsyth the Djinni Conjurer began the quest for the Orb.
     0 | D:1      | cforsyth set off with the following spells memorised: Magic
                  | Dart, Searing Ray, Dazzling Flash, Fulminant Prism,
                  | Iskenderun's Mystic Blast.
     0 | D:1      | Reached XP level 1. HP: 15/15 MP: 0/0
   129 | D:1      | Reached XP level 2. HP: 18/21 MP: 0/0
   258 | D:1      | Gained mutation: You do not regenerate when monsters are
                  | visible. [potion of mutation]
   258 | D:1      | Gained mutation: You are agile. (Dex +4, Str/Int -1)
                  | [potion of mutation]
   258 | D:1      | Gained mutation: You are somewhat resistant to further
                  | mutation. [potion of mutation]
   719 | D:1      | Reached XP level 3. HP: 20/25 MP: 0/0
   719 | D:1      | Learned a level 1 spell: Sting
  1093 | D:2      | Found a glowing silver altar of Zin.
  1288 | D:2      | Reached skill level 4 in Spellcasting
  1566 | D:2      | Found Utodan's Antique Armour Boutique.
  1594 | D:2      | Reached XP level 4. HP: 28/31 MP: 0/0
  1741 | D:3      | Noticed Robin
  1806 | D:3      | Noticed a water moccasin
  2142 | D:3      | Killed Robin
  2143 | D:3      | Noticed Sigmund
  2555 | D:3      | Reached XP level 5. HP: 33/36 MP: 0/0
  2555 | D:3      | Learned a level 2 spell: Blink
  2599 | D:3      | Killed a water moccasin
  2600 | D:3      | Reached skill level 1 in Fighting
  2600 | D:3      | Reached skill level 5 in Spellcasting
  2600 | D:3      | Reached XP level 6. HP: 11/42 MP: 0/0
  3252 | D:3      | Killed Sigmund
  3253 | D:3      | Reached XP level 7. HP: 32/47 MP: 0/0
  3253 | D:3      | Learned a level 2 spell: Ensorcelled Hibernation
  3566 | D:3      | Reached skill level 6 in Spellcasting
  3625 | D:3      | Found a faded altar of an unknown god.
  4436 | D:5      | Entered Level 5 of the Dungeon
  5075 | D:4      | Reached skill level 7 in Spellcasting
  5075 | D:4      | Reached XP level 8. HP: 34/52 MP: 0/0
  5305 | D:5      | Lost mutation: You are somewhat resistant to further
                  | mutation. [potion of mutation]
  5305 | D:5      | Lost mutation: You do not regenerate when monsters are
                  | visible. [potion of mutation]
  5305 | D:5      | Lost mutation: You are agile. (Dex +4, Str/Int -1) [potion
                  | of mutation]
  5305 | D:5      | Gained mutation: You occasionally lose the ability to drink
                  | potions when taking damage. [potion of mutation]
  5305 | D:5      | Gained mutation: You are resistant to electric shocks.
                  | (rElec) [potion of mutation]
  5396 | D:5      | Found a staircase to the Ecumenical Temple.
  5434 | Temple   | Entered the Ecumenical Temple
  5579 | Temple   | Became a worshipper of Ashenzari the Shackled
  5895 | D:6      | Found a sand-covered staircase.
  5900 | Ossuary  | Entered an ossuary
  6294 | Ossuary  | Lost mutation: You occasionally lose the ability to drink
                  | potions when taking damage. [potion of mutation]
  6294 | Ossuary  | Lost mutation: You are resistant to electric shocks.
                  | (rElec) [potion of mutation]
  6294 | Ossuary  | Gained mutation: You are somewhat resistant to further
                  | mutation. [potion of mutation]
  6294 | Ossuary  | Gained mutation: You are strong-willed. (Will+) [potion of
                  | mutation]
  6320 | Ossuary  | Reached skill level 8 in Spellcasting
  8333 | D:6      | Found a shimmering altar of Xom.
  8385 | D:6      | Reached XP level 9. HP: 36/58 MP: 0/0
  8385 | D:6      | Learned a level 4 spell: Manifold Assault
  8574 | D:7      | Found a flagged portal.
  8759 | Bailey   | Entered a bailey
  9254 | Bailey   | Reached skill level 9 in Spellcasting
 10351 | D:7      | Reached * piety under Ashenzari
 10597 | D:7      | Found a sacrificial altar of Ru.
 10788 | D:7      | Found a stormy altar of Qazlal.
 10956 | D:8      | Found a snail-covered altar of Cheibriados.
 11036 | D:8      | Found a runed translucent door.
 11036 | D:8      | Noticed jimonade's ghost (novice KoBr)
 11080 | D:8      | Reached skill level 10 in Spellcasting
 11102 | D:8      | Found Yberoz's Assorted Antiques.
 11230 | D:7      | Reached ** piety under Ashenzari
 11741 | D:8      | Reached XP level 10. HP: 68/69 MP: 0/0
 11973 | D:9      | Reached *** piety under Ashenzari
 11979 | D:9      | Reached skill level 11 in Spellcasting
 12745 | D:10     | Entered Level 10 of the Dungeon
 12745 | D:10     | Noticed a death yak
 12745 | D:10     | Found a staircase to the Lair.
 12764 | D:9      | Killed a death yak
 12765 | D:9      | Reached skill level 1 in Armour
 12765 | D:9      | Reached skill level 12 in Spellcasting
 12765 | D:9      | Reached XP level 11. HP: 17/76 MP: 0/0
 12765 | D:9      | Learned a level 5 spell: Agony
 13108 | D:10     | Noticed Psyche
 13115 | D:10     | Killed Psyche
 13382 | D:10     | Noticed a boulder beetle
 13413 | D:10     | Killed a boulder beetle
 13414 | D:10     | Reached skill level 1 in Shields
 13535 | D:10     | Reached skill level 13 in Spellcasting
 13535 | D:10     | Noticed a boulder beetle
 13549 | D:10     | Killed a boulder beetle
 13846 | D:10     | Found a blossoming altar of Fedhas.
 13900 | D:10     | Found a sparkling altar of Nemelex Xobeh.
 13910 | D:10     | Reached **** piety under Ashenzari
 14043 | D:11     | Noticed a boulder beetle
 14062 | D:11     | Killed a boulder beetle
 14077 | D:10     | Reached XP level 12. HP: 36/84 MP: 0/0
 14225 | D:11     | Noticed a skeletal warrior
 14225 | D:11     | Noticed a centaur warrior
 14285 | D:11     | Noticed a two-headed ogre
 14298 | D:11     | Killed a two-headed ogre
 14299 | D:11     | Reached skill level 14 in Spellcasting
 14646 | D:11     | Noticed a deep troll
 14800 | D:12     | Reached ***** piety under Ashenzari
 14811 | D:12     | Noticed a boulder beetle
 14838 | D:12     | Killed a boulder beetle
 14861 | D:12     | Noticed Maurice
 14876 | D:12     | Killed Maurice
 14933 | D:12     | Noticed a centaur warrior
 14942 | D:12     | Killed a centaur warrior
 14943 | D:12     | Reached skill level 15 in Spellcasting
 15023 | D:12     | Noticed Snorg
 15033 | D:12     | Killed Snorg
 15243 | D:12     | Found a staircase to the Orcish Mines.
 15295 | D:12     | Reached XP level 13. HP: 69/90 MP: 0/0
 15295 | D:12     | Learned a level 5 spell: Yara's Violent Unravelling
 15786 | Lair:1   | Entered Level 1 of the Lair of Beasts
 15937 | Lair:1   | Reached skill level 16 in Spellcasting
 16135 | Lair:1   | Found a frozen archway.
 16145 | IceCv    | Entered an ice cave
 16571 | IceCv    | Noticed an ice dragon
 16590 | IceCv    | Killed an ice dragon
 16619 | IceCv    | Identified the Papyrus of Conflagration and Nausea
 17367 | D:13     | Noticed a centaur warrior
 17371 | D:13     | Killed a centaur warrior
 17401 | D:13     | Found a gate leading to a gauntlet.
 17425 | Gauntlet | Entered a Gauntlet
 17425 | Gauntlet | Found a transporter.
 17425 | Gauntlet | Found a transporter.
 17438 | Gauntlet | Reached ****** piety under Ashenzari
 17465 | Gauntlet | Found a transporter.
 17483 | Gauntlet | Found a transporter.
 17483 | Gauntlet | Found a transporter.
 17483 | Gauntlet | Found a transporter.
 17485 | Gauntlet | Identified the +0 hat of Imperfection {-Tele rPois Str+2}
 17486 | Gauntlet | Found a transporter.
 17486 | Gauntlet | Found a transporter.
 17487 | Gauntlet | Noticed a great orb of eyes
 17499 | Gauntlet | Found a runed translucent door.
 17502 | Gauntlet | Found a transporter.
 17519 | Gauntlet | Found a transporter.
 17527 | Gauntlet | Found the +1 Delatra's gloves {ID++}
 17529 | Gauntlet | Found a transporter.
 17544 | Gauntlet | Found a transporter.
 17564 | Gauntlet | Found a transporter.
 17564 | Gauntlet | Identified the ring "Exeb" {rElec rC- Will+ rCorr}
 17573 | Gauntlet | Found a runed translucent door.
 17573 | Gauntlet | Found a runed translucent door.
 17577 | Gauntlet | Found a transporter.
 17824 | Gauntlet | Reached skill level 5 in Fighting
 17847 | Gauntlet | Killed a great orb of eyes
 18170 | Gauntlet | Noticed a minotaur
 18186 | Gauntlet | Killed a minotaur
 18187 | Gauntlet | Reached XP level 14. HP: 104/108 MP: 0/0
 19354 | Lair:2   | Found a staircase to the Swamp.
 19560 | Lair:3   | Reached skill level 10 in Fighting
 19567 | Lair:3   | Found a blossoming altar of Fedhas.
 19846 | Lair:3   | Found a staircase to the Snake Pit.
 20057 | Lair:3   | Identified the +12 shortbow of Cyst {speed, rElec rC+
                  | Int-4}
 20141 | Lair:4   | Killed Sonja
 20974 | Lair:5   | Entered Level 5 of the Lair of Beasts
 21143 | Lair:5   | Reached XP level 15. HP: 125/129 MP: 0/0
 21143 | Lair:5   | Learned a level 6 spell: Eringya's Noxious Bog
 21148 | Lair:5   | Noticed Urug
 21165 | Lair:5   | Killed Urug
 21362 | Lair:5   | Identified the Grimoire of the Quake
 21593 | Lair:5   | Found a viscous altar of Jiyva.
 21594 | Lair:5   | Found a staircase to the Slime Pits.
 21755 | Lair:5   | Killed from afar by an oklob plant

Illustrated notes

Levels and vault maps discovered:
D:1:      co_arrival_square_in_a_square_in_a_square, layout_loops_ring,
          roderic_lattice_a
D:2:      minmay_inner_zag, layout_loops_ring, serial_shops,
          nicolae_shop_tiny_real_fake_doors, basic_altar
D:3:      layout_rooms, shapermc_ecumenical_altar_petra, uniq_sigmund,
          uniq_robin
D:4:      layout_rooms, serial_glass, glass_columns_a, glass_columns_c
D:5:      layout_rooms, temple_doors_e
D:6:      layout_loops_cross, brannock_xom_greatest_gift,
          mainiacjoe_overflow_alcove_2, enter_ossuary_5
D:7:      layout_basic, nicolae_overflow_crystal_walls, grunt_qazlal_sundering,
          enter_bailey_5
D:8:      layout_loops_ring, cheibriados_altar_1, gammafunk_ghost_grave,
          serial_shops, shop, special_room [special_room_orc],
          grunt_decor_one_mirror
D:9:      layout_long_grid
D:10:     layout_loops_ring, mainiacjoe_overflow_boulevard, kennysheep_mini,
          david_lair_generic, grunt_potential, uniq_psyche
D:11:     layout_rooms, minivault_12
D:12:     layout_cave_pools, david_orc_2, uniq_maurice, uniq_snorg
D:13:     layout_roguey, gauntlet_entry_generic
Temple:   nicolae_temple_superstar
Lair:1:   layout_hall_layers, portal_ice_cave_demonic_guard,
          chequers_serial_rivers_micro_c
Lair:2:   layout_cave_shapes, swamp_mist, serial_bayou_pond_c
Lair:3:   layout_long_grid, nicolae_snake_entry_squirm, basic_altar,
          serial_bayou_pond_c, chequers_serial_rivers_room_a
Lair:4:   layout_gridlike, serial_bayou_crossing, grunt_megastairs_4,
          serial_bayou_shore_b, uniq_sonja
Lair:5:   due_jungle_book, layout_long_grid, minmay_slime_entry_oklob_enclosed,
          chequers_serial_rivers_marsh, grunt_megastairs_2, uniq_urug

Skill      XL: |  1  2  3  4  5  6  7  8  9 10 11 12 13 14 15 |
---------------+----------------------------------------------+-----
Stealth        | 2 |  2.0
Spellcasting   | 4 5 7 8 10 12 13 15 16 | 16.9
Fighting       | 1 2 3 6 12 14 | 14.1
Armour         | 1 2 |  2.4
Shields        | 1 |  1.0
Dodging        | |  2.2

Action                     |  1- 3 |  4- 6 |  7- 9 | 10-12 | 13-15 || total
---------------------------+-------+-------+-------+-------+-------++-------
  Melee: Short sword       |       |       |     1 |     7 |    43 ||    51
         Punch             |       |       |     1 |       |       ||     1
   Cast: Magic Dart        |    87 |    73 |   304 |     2 |     2 ||   468
         Fulminant Prism   |       |     5 |    65 |   164 |   262 ||   496
         Iskenderun's Myst |       |     1 |       |       |       ||     1
         Searing Ray       |       |     1 |       |       |       ||     1
         Blink             |       |       |       |       |     1 ||     1
 Invoke: Curse Item        |       |       |     3 |     4 |     2 ||     9
    Use: Scroll            |     1 |       |     3 |     1 |     2 ||     7
         Potion            |     1 |       |     5 |       |     3 ||     9
 Armour: Robe              |     2 |     1 |    55 |     6 |       ||    64
         Ring mail         |       |       |       |    25 |    60 ||    85
  Dodge: Dodged            |     9 |     4 |   133 |    39 |    70 ||   255
  Block: Buckler           |       |       |       |    26 |    55 ||    81
